 Dungeon Crawl Stone Soup version 0.14-a0-759-g26e2352 (webtiles) character file.

957 PolkaDot the Jinx (level 7, 0/46 HPs)
             Began as a Vampire Enchanter on Nov 8, 2013.
             Slain by a phantom (7 damage)
             ... on Level 5 of the Dungeon.
             The game lasted 00:20:40 (5309 turns).

PolkaDot the Jinx (Vampire Enchanter)               Turns: 5309, Time: 00:20:41

HP   0/46        AC  7     Str  7      XL: 7   Next: 45%
MP   2/16        EV 12     Int 18      God:
Gold 222         SH  0     Dex 15      Spells:  4 memorised,  5 levels left

Res.Fire  : . . .   See Invis. : +   a - +1 dagger
Res.Cold  : + + .   Warding    : +   A - +1 robe
Life Prot.: + + +   Conserve   : .   (no shield)
Res.Poison: +       Res.Corr.  : .   (no helmet)
Res.Elec. : .       Clarity    : .   r - +0 dwarf cloak
Sust.Abil.: . .     Spirit.Shd : .   v - +1 pair of gauntlets
Res.Mut.  : .       Stasis     : .   j - +0 pair of boots
Res.Rott. : +       Flight     : .   p - amulet of warding
Saprovore : . . .                    (no ring)
                                     x - ring of positive energy {unknown}

@: non-regenerating, slightly resistant to hostile enchantments, very stealthy
A: bottle blood, fangs 3, see invisible, unbreathing
a: Bat Form, Bottle Blood


You were on level 5 of the Dungeon.
You were bloodless.

You visited 2 branches of the dungeon, and saw 6 of its levels.
You also visited: Sewer.

You collected 222 gold pieces.

Inventory:

Hand weapons
 a - a +1,+1 dagger (weapon)
 b - a cursed +1 orcish blowgun
Missiles
 d - 10 darts (quivered)
 B - 8 poisoned needles
Armour
 j - a +0 pair of boots (worn)
 r - a +0 dwarven cloak (worn)
 v - a +1 pair of gauntlets (worn)
 A - a +1 robe (worn)
Magical devices
 m - a wand of disintegration (19) {unknown}
Scrolls
 f - 3 scrolls of remove curse {unknown}
 g - 5 scrolls of identify {unknown}
 h - a scroll of curse jewellery {unknown}
 k - 3 scrolls of blinking {unknown}
 l - 2 scrolls of teleportation
 n - a scroll of amnesia {unknown}
 q - a scroll of fear {unknown}
 s - a scroll of enchant weapon I {unknown}
 t - a scroll of noise {unknown}
 y - a scroll of curse weapon {unknown}
Jewellery
 p - an amulet of warding (around neck)
 x - a ring of positive energy (left hand) {unknown}
Potions
 e - 3 potions of flight
 i - 3 potions of heal wounds
 o - 3 potions of curing {unknown}
 u - a potion of berserk rage {unknown}
 w - a potion of magic {unknown}
 z - a potion of degeneration {unknown}
 C - a potion of agility {unknown}
Books
 c - a book of Maledictions

   Spells                             Type                      Level
   *Corona                            Hexes                        1
   *Sure Blade                        Hexes/Charms                 2
   *Ensorcelled Hibernation           Hexes/Ice                    2
   *Confuse                           Hexes                        3
   Enslavement                        Hexes                        4
   Invisibility                       Hexes                        6


   Skills:
 - Level 3.1 Short Blades
 - Level 0.7 Throwing
 - Level 2.1 Dodging
 + Level 6.1 Stealth
 * Level 3.5 Spellcasting
 * Level 9.3 Hexes


You had 5 spell levels left.
You knew the following spells:

 Your Spells              Type           Power        Failure   Level  Hunger
A - Corona                Hex            #####..      1%          1    None
B - Sure Blade            Hex/Chrm       ###.......   3%          2    ##.....
C - Confuse               Hex            #####...     1%          3    ###....
D - Ensorcelled Hibernat  Hex/Ice        ###...       3%          2    ##.....


Dungeon Overview and Level Annotations

Branches:
Dungeon (5/27)             Temple (1/1) D:5

Altars:
Ashenzari
Cheibriados
Elyvilon
Fedhas
Kikubaaqudgha
Makhleb
Nemelex Xobeh
Okawaru
Vehumet
Xom
Yredelemnul
Zin
the Shining One

Shops:
D:5 [


Innate Abilities, Weirdness & Mutations

You do not heal naturally.
You can bottle blood from corpses.
You have razor-sharp teeth.*
You have supernaturally acute eyesight.
You can survive without breathing.*


Message History

You hit the phantom.
The phantom is almost destroyed.
The phantom barely misses you.
You completely miss the phantom.
The phantom is almost destroyed.
You barely miss the phantom. You bite the phantom.
The phantom is almost destroyed.
The phantom closely misses you.
You barely miss the phantom.
The phantom is almost destroyed.
The phantom hits you.
You miss the phantom.
The phantom is almost destroyed.
The phantom hits you but does no damage.
You hit the phantom but do no damage.
The phantom is almost destroyed.
The phantom hits you!
* * * LOW HITPOINT WARNING * * *
You open the door. The phantom hits you!
You die...

###############.......
#.........).#.'.......
#...........#.#.....%.
#...........∩.#.......
#...........###..<....
#...........# #.......
#...........# #.......
#####'####### #.......
#@# #####'#### #p#
#..##..### #.#
##.......# #.#
#∩_....#.# ##.#
##........ #..#
#..##..... #.##
####...... #.#
#....... ##.# #.......


You could see a phantom.

Vanquished Creatures
  Eustachio (D:4)
  Menkaure (D:5)
  A necrophage (D:5)
  A siren (Sewer)
  Crazy Yiuf (D:3)
  2 mermaids (Sewer)
  A worker ant (D:5)
  An iguana (D:4)
  A hound (D:5)
  7 adders
  2 giant mites
  2 green rats
  7 grey rats
  2 oozes (D:1)
  6 orcs
  6 ball pythons
  11 bats
  8 giant cockroaches
  14 goblins
  9 hobgoblins
  7 jackals
  6 kobolds
  A quokka (D:4)
  4 training dummies (D:2)
  8 giant newts
  A kobold skeleton (D:4)
  A quokka skeleton (D:4)
  38 rats
150 creatures vanquished.

Notes
Turn   | Place    | Note
--------------------------------------------------------------
     0 | D:1      | PolkaDot, the Vampire Enchanter, began the quest for the Orb.
     0 | D:1      | Reached XP level 1. HP: 13/13 MP: 4/4
   526 | D:1      | Reached XP level 2. HP: 19/19 MP: 3/5
   917 | D:1      | Reached XP level 3. HP: 24/24 MP: 6/6
  1203 | D:2      | Learned a level 3 spell: Confuse
  1405 | D:2      | Found an iron altar of Okawaru.
  1620 | D:2      | Reached skill level 5 in Hexes
  1620 | D:2      | Reached XP level 4. HP: 26/30 MP: 0/8
  2083 | D:3      | Found a glowing drain.
  2357 | Sewer    | Entered a sewer
  2426 | Sewer    | Reached skill level 6 in Hexes
  2646 | Sewer    | Reached XP level 5. HP: 29/35 MP: 5/9
  2759 | Sewer    | Reached skill level 7 in Hexes
  3398 | D:3      | Learned a level 2 spell: Ensorcelled Hibernation
  3475 | D:3      | Reached skill level 8 in Hexes
  3778 | D:3      | Reached XP level 6. HP: 38/41 MP: 10/10
  4051 | D:3      | Noticed Crazy Yiuf
  4066 | D:3      | Killed Crazy Yiuf
  4066 | D:3      | Reached skill level 5 in Stealth
  4353 | D:4      | Noticed Eustachio
  4373 | D:4      | Killed Eustachio
  4483 | D:4      | Learned a level 2 spell: Sure Blade
  4921 | D:5      | Entered Level 5 of the Dungeon
  4947 | D:5      | Reached XP level 7. HP: 44/46 MP: 12/14
  4974 | D:5      | Found a staircase to the Ecumenical Temple.
  4980 | Temple   | Entered the Ecumenical Temple
  5160 | D:5      | Found a burning altar of Makhleb.
  5176 | D:5      | Found Caunuok's Antique Armour Shop.
  5209 | D:5      | Noticed Menkaure
  5212 | D:5      | Noticed a necrophage
  5229 | D:5      | Killed a necrophage
  5229 | D:5      | Reached skill level 9 in Hexes
  5231 | D:5      | Killed Menkaure
  5309 | D:5      | Slain by a phantom

Action                   |  1- 3 |  4- 6 |  7- 9 || total
-------------------------+-------+-------+-------++-------
Melee: Dagger            |   203 |   293 |    46 ||   542
Throw: Dart              |    15 |       |       ||    15
 Cast: Corona            |     6 |       |       ||     6
       Confuse           |     3 |    16 |     6 ||    25
       Ensorcelled Hiber |       |    15 |     7 ||    22
  Use: Potion            |       |     8 |       ||     8
 Stab: Sleeping          |     4 |    31 |     4 ||    39
       Confused          |     1 |     8 |     2 ||    11
